 Dungeon Crawl Stone Soup version 0.16-a0-286-g6bac339 (webtiles) character file.

123 PolkaDot the Slasher (level 4, -4/34 HPs)
             Began as a Vampire Berserker on Aug 28, 2014.
             Was a Believer of Trog.
             Slain by an orc priest
             ... wielding a +0 war axe
              (9 damage)
             ... on Level 3 of the Dungeon.
             The game lasted 00:04:58 (1572 turns).

PolkaDot the Slasher (Vampire Berserker)            Turns: 1572, Time: 00:04:58

HP  -4/34        AC  2     Str 16      XL: 4   Next: 79%
MP   4/4         EV 12     Int  9      God: Trog [**....]
Gold 127         SH  0     Dex 14      Spells:  0 memorised,  3 levels left

rFire  . . .     SeeInvis +     a - +0 falchion
rCold  . . .     Clarity  .     b - +0 animal skin
rNeg   . . .     rCorr    .     (no shield)
rPois  .         rRot     .     (no helmet)
rElec  .         Spirit   .     (no cloak)
SustAb .         Warding  .     (no gloves)
rMut   .         Stasis   .     (no boots)
Gourm  .                        (no amulet)
MR     ++...                    (no ring)
                                (no ring)

@: exhausted, very slightly contaminated, regenerating, slowed, invisible, very
slow, very resistant to hostile enchantments, very unstealthy
A: fangs 3, see invisible, unbreathing
a: Burn Spellbooks, Berserk, Trog's Hand, Renounce Religion


You were on level 3 of the Dungeon.
You worshipped Trog.
Trog was pleased with you.
You were full.

You visited 1 branch of the dungeon, and saw 3 of its levels.

You collected 127 gold pieces.

Inventory:

Hand weapons
 a - a +0 falchion (weapon)
Armour
 b - a +0 animal skin (worn)
Scrolls
 g - a scroll of amnesia {unknown}
 j - a scroll of identify {unknown}
 k - a scroll of enchant weapon {unknown}
Jewellery
 d - a cursed ring of teleportation {unknown}
Potions
 e - a potion of confusion {!q}
 f - a potion of haste {unknown}
 i - a potion of poison {unknown}


   Skills:
 - Level 2.6 Fighting
 + Level 5.6 Long Blades
 - Level 1.5 Armour
 - Level 2.1 Dodging


You had 3 spell levels left.
You didn't know any spells.

Dungeon Overview and Level Annotations

Branches:
Dungeon (3/15)

Altars:
Vehumet


Innate Abilities, Weirdness & Mutations

Your natural rate of healing is unusually fast.
You have razor-sharp teeth.
You have supernaturally acute eyesight.
You can survive without breathing.


Message History

You closely miss the orc priest. The orc priest misses you.
The orc priest hits you but does no damage.
You hit the orc priest but do no damage.
You bite the orc priest.
The orc priest is lightly wounded.
You feel the effects of Trog's Hand fading.
The orc priest calls down the wrath of Beogh upon you.
Something smites you!
* * * LOW HITPOINT WARNING * * *
Drink which item? (? for menu, Esc to quit)
You fade into invisibility!
It was a potion of invisibility.
The orc priest hits you but does no damage.
You are very lightly contaminated with residual magic.
You hit the orc priest.
The orc priest is moderately wounded.
The orc throws a tomahawk.
The tomahawk hits the orc priest but does no damage.
The orc priest hits you with a war axe!
You die...

#.#..#### #.#..#
#.#..# # #.#..#
#.#####.######
.#............#
.........####.#
.......#######.#
.......oo@.....#
.......#########
..... .... ..o .


You could see an orc priest and an orc.

Vanquished Creatures
  2 adders (D:2)
  3 gnolls (D:3)
  A giant mite (D:2)
  A worm (D:2)
  7 giant geckos
  An ooze (D:2)
  6 orcs
  A ball python (D:1)
  A bat (D:2)
  3 giant cockroaches
  4 hobgoblins
  8 kobolds
  2 giant newts
  4 goblins
  A quokka (D:2)
  8 rats
53 creatures vanquished.

Notes
Turn   | Place    | Note
--------------------------------------------------------------
     0 | D:1      | PolkaDot, the Vampire Berserker, began the quest for the Orb.
     0 | D:1      | Reached XP level 1. HP: 17/17 MP: 1/1
   178 | D:1      | Reached XP level 2. HP: 23/23 MP: 2/2
   561 | D:2      | Reached skill level 4 in Long Blades
   765 | D:2      | Acquired Trog's second power
   765 | D:2      | Reached XP level 3. HP: 15/28 MP: 3/3
  1121 | D:2      | Reached XP level 4. HP: 34/34 MP: 4/4
  1271 | D:2      | Reached skill level 5 in Long Blades
  1275 | D:2      | Found a radiant altar of Vehumet.
  1572 | D:3      | Slain by an orc priest

Action                   |  1- 3 |  4- 6 || total
-------------------------+-------+-------++-------
Melee: Falchion          |   136 |    54 ||   190
Invok: Berserk           |     2 |     1 ||     3
       Trog's Hand       |     1 |     2 ||     3
  Use: Potion            |     1 |     4 ||     5
  Eat: Corpse            |    11 |     3 ||    14
